 Dungeon Crawl Stone Soup version 0.22.0-1-g6561e4c (webtiles) character file.

177 Noname the Skirmisher (level 5, -1/47 HPs)
             Began as a Minotaur Abyssal Knight on Aug 12, 2018.
             Was a Believer of Lugonu.
             Slain by Grinder (4 damage)
             ... while paralysed by Grinder
             ... on level 3 of the Dungeon.
             The game lasted 00:04:15 (2045 turns).

Noname the Skirmisher (Minotaur Abyssal Knight)     Turns: 2045, Time: 00:04:16

Health: -1/47      AC:  6    Str: 16    XL:     5   Next: 31%
Magic:  6/6        EV:  2    Int:  9    God:    Lugonu [**....]
Gold:   185        SH:  0    Dex: 11    Spells: 4/4 levels left

rFire    . . .     SeeInvis .   a - +1 spear
rCold    . . .     Gourm    .   (no shield)
rNeg     . . .     Faith    .   r - +0 ring mail
rPois    .         Spirit   .   (helmet restricted)
rElec    .         Reflect  .   j - +0 cloak
rCorr    .         Harm     .   (no gloves)
MR       .....                  (no boots)
Stlth    +.........             (no amulet)
HPRegen  0.15/turn              (no ring)
MPRegen  0.10/turn              (no ring)

@: paralysed, hasted
A: retaliatory headbutt, horns 2
a: Depart the Abyss, Bend Space, Renounce Religion


You were on level 3 of the Dungeon.
You worshipped Lugonu.
Lugonu was pleased with you.
You were not hungry.

You visited 1 branch of the dungeon, and saw 3 of its levels.
You visited the Abyss 1 time.

You collected 185 gold pieces.

Inventory:

Hand Weapons
 a - a +1 spear (weapon)
Missiles
 e - 7 tomahawks
 m - 51 arrows
 o - 40 stones (quivered)
 s - 5 steel javelins
 w - 12 poisoned needles
Armour
 j - a +0 cloak (worn)
 r - a +0 ring mail (worn)
Jewellery
 n - an uncursed amulet of rage {unknown}
 v - an uncursed ring of poison resistance {unknown}
Scrolls
 b - a scroll of teleportation {unknown}
 i - a scroll of magic mapping {unknown}
 l - a scroll of immolation {unknown}
 t - 2 scrolls of amnesia {unknown}
 u - a scroll of random uselessness {unknown}
 x - a scroll of blinking {unknown}
 y - a scroll of identify {unknown}
Potions
 d - 2 potions of haste
 g - 2 potions of curing
 h - a potion of might {unknown}
 k - 2 potions of heal wounds {unknown}
 p - a potion of degeneration {unknown}
 q - a potion of invisibility {unknown}
Comestibles
 c - 6 rations
 f - 8 chunks of flesh


   Skills:
 + Level 4.4 Fighting
 * Level 4.3 Polearms
 + Level 0.3 Throwing
 + Level 3.4 Armour
 - Level 2.2 Dodging
 + Level 2.9 Invocations


You had 4 spell levels left.
You didn't know any spells.
Your spell library was empty.

Dungeon Overview and Level Annotations

Branches:
Dungeon (3/15)

Altars:
Elyvilon
Nemelex Xobeh
Trog

Annotations:
D:3 Grinder


Innate Abilities, Weirdness & Mutations

You reflexively headbutt those who attack you in melee.
You have a pair of horns on your head.


Message History

Grinder is severely wounded.
Your ring mail prevents you from hitting Grinder.
Grinder is severely wounded.
Grinder gestures at you. You resist with significant effort.
You hit Grinder but do no damage.
Grinder is severely wounded.
You hit Grinder.
Grinder is almost dead.
Grinder gestures at you.
You suddenly lose the ability to move!
Grinder hits you but does no damage. Grinder hits you.
* * * LOW HITPOINT WARNING * * *
Grinder hits you!
* * * LOW HITPOINT WARNING * * *
You writhe in agony.
* * * LOW HITPOINT WARNING * * *
Grinder hits you.
You die...

#...# #.....# #...
#...####.....####... .
#......'........+... ..
##...####.....#### ..
#..##+##....# #.....### #.
#.......#### ####.)..# #.
##.)...## #####....####.
#####..#####[....#.........
...........@5.....#.........
##########.##.....#.........
.........+ ....+.........
#######.## ...###....... #.#
..# #....... #.# .# #.......
#<# # #####... ### #... #...


You could see Grinder.

Vanquished Creatures
  Natasha (D:3)
  8 adders
  A gnoll (D:1)
  2 oozes
  3 worms
  3 dart slugs (D:2)
  3 leopard geckos
  An orc (D:2)
  8 bats
  2 goblins (D:1)
  3 hobgoblins
  2 jackals (D:1)
  A kobold (D:1)
  A quokka (D:3)
  4 ball pythons
  2 frilled lizards (D:2)
  8 rats
53 creatures vanquished.

Notes
Turn   | Place    | Note
-------+----------+-------------------------------------------
     0 | Abyss:1  | Noname the Minotaur Abyssal Knight began the quest for the Orb.
     0 | Abyss:1  | Reached XP level 1. HP: 19/19 MP: 1/1
    27 | D:1      | Escaped the Abyss
   123 | D:1      | Reached XP level 2. HP: 7/27 MP: 2/2
   831 | D:2      | Reached XP level 3. HP: 27/33 MP: 3/3
   868 | D:2      | Found a white marble altar of Elyvilon.
  1389 | D:2      | Reached XP level 4. HP: 40/40 MP: 4/4
  1462 | D:2      | Found a sparkling altar of Nemelex Xobeh.
  1622 | D:2      | Found a bloodstained altar of Trog.
  1785 | D:3      | Reached ** piety under Lugonu
  1859 | D:3      | Reached XP level 5. HP: 43/47 MP: 6/6
  2014 | D:3      | Noticed Natasha
  2014 | D:3      | Noticed Grinder
  2018 | D:3      | Killed Natasha
  2041 | D:3      | Paralysed by Grinder for 4 turns
  2045 | D:3      | Slain by Grinder

Skill      XL: |  1  2  3  4 |
---------------+-------------+-----
Invocations    | 2 |  2.9
Polearms       | 3 4 |  4.3
Fighting       | 4 |  4.4
Armour         | 3 |  3.4
Dodging        | 2 |  2.2
Throwing       | |  0.3

Action                   |  1- 3 |  4- 6 || total
-------------------------+-------+-------++-------
Melee: Spear             |    79 |   105 ||   184
       Headbutt          |     9 |    12 ||    21
Throw: Tomahawk          |     4 |     3 ||     7
       Stone             |       |    10 ||    10
  Use: Potion            |       |     2 ||     2
 Stab: Sleeping          |       |     1 ||     1
  Eat: Chunk             |     1 |     3 ||     4
Armor: Leather armour    |    15 |     3 ||    18
       Ring mail         |       |    16 ||    16
Dodge: Dodged            |    22 |    51 ||    73
